 Dungeon Crawl Stone Soup version 0.29-a0-615-gdeedd76 (webtiles) character file.

Game seed: 12517899381744031680

28634 PurpleRed the Severer (level 13, -1/77 HPs)
             Began as a Vine Stalker Hedge Wizard on June 17, 2022.
             Was a High Priest of Okawaru.
             Killed by drain life
             ... invoked by a soul eater
             ... summoned by an orc high priest
              (4 damage)
             ... on level 2 of the Orcish Mines.
             The game lasted 01:07:07 (5426 turns).

PurpleRed the Severer (Vine Stalker Hedge Wizard)   Turns: 5426, Time: 01:07:10

Health: -1/77      AC: 12    Str: 19    XL:     13   Next: 40%
Magic:  0/36       EV: 19    Int: 19    God:    Okawaru [*****.]
Gold:   1188       SH:  5    Dex: 19    Spells: 23/28 levels left

rFire   x . .      SeeInvis +   b - +14 obsidian axe {vorpal, Mesm Drain Fly SInv}
rCold   + . .      Faith    .   (no shield)
rNeg    + . .      Spirit   +   D - +0 ring mail of Exclusion {Str+2 Dex+4 Slay+2}
rPois   .          Reflect  +   P - +3 hat of Pondering {ponderous, Will+ MP+10 Int+5}
rElec   .          Harm     .   C - +2 cloak
rCorr   .          Rampage  .   (no gloves)
Will    +++..                   (no boots)
Stlth   +++.......              A - amulet of reflection
HPRegen 1.02/turn               K - ring of ice
MPRegen 0.25/turn               N - ring "Rokh" {rN+ Will+ EV+4 Slay+3}

@: about to teleport, heroic, flying, mesmerised, slow
A: fangs 3, regeneration 1, magic shield, antimagic bite, no potion heal 2
a: Renounce Religion, Heroism, Finesse, Duel


You were on level 2 of the Orcish Mines.
You worshipped Okawaru.
Okawaru was extremely pleased with you.
You visited 3 branches of the dungeon, and saw 15 of its levels.
You also visited: Ossuary and Ice Cave.

You collected 1237 gold pieces.
You spent 49 gold pieces at shops.

Inventory:

Hand Weapons
 a - a +2 vorpal war axe
 b - the +14 obsidian axe (weapon) {vorpal, Mesm Drain Fly SInv}
   (You acquired it on level 10 of the Dungeon)

   It inflicts extra damage upon your enemies.
   It occasionally summons demons to assist the wielder when it strikes in
   combat.
   Its wielder is mesmerised by any visible foes.
   It cannot be unequipped while any foes are visible.
   SInv:      It lets you see invisible.
   Fly:       It grants you flight.
   Drain:     It drains your maximum health when unequipped.
 l - the +4 hunting sling of Disaster {speed, Dex+4}
   (You found it on level 5 of the Dungeon)

   Attacks with this weapon are significantly faster.
   Dex:       It affects your dexterity (+4).
 w - a +2 vorpal war axe
 Q - a +1 battleaxe of freezing
Missiles
 y - 9 boomerangs
Armour
 c - a +0 plate armour of fire resistance
 t - a +0 helmet
 B - the +2 animal skin of the Endless Lovers {*Slow rC+ Dex+5}
   (Okawaru gifted it to you on level 11 of the Dungeon)

   Dex:       It affects your dexterity (+5).
   rC:        It protects you from cold.
   *Slow:     It may slow you when you take damage.
 C - a +2 cloak (worn)
 D - the +0 ring mail of Exclusion (worn) {Str+2 Dex+4 Slay+2}
   (You found it on level 5 of the Dungeon)

   Str:       It affects your strength (+2).
   Dex:       It affects your dexterity (+4).
   Slay:      It affects your accuracy & damage with ranged weapons and melee
   (+2).
 O - the +1 kite shield of the Black Moon {rN+ Will+ rCorr}
   (Okawaru gifted it to you in an ice cave)

   rN:        It protects you from negative energy.
   rCorr:     It protects you from acid and corrosion.
   Will:      It increases your willpower.
 P - the +3 hat of Pondering (worn) {ponderous, Will+ MP+10 Int+5}
   (Okawaru gifted it to you in an ice cave)

   Int:       It affects your intelligence (+5).
   MP:        It affects your magic capacity (+10).
   Will:      It increases your willpower.
 R - a +0 plate armour of cold resistance
 S - a +2 troll leather armour {Snorg}
Jewellery
 A - an amulet of reflection (around neck)
 H - a ring of flight
 J - a +6 ring of intelligence
 K - a ring of ice (left hand)
 N - the ring "Rokh" (right hand) {rN+ Will+ EV+4 Slay+3}
   (You found it on level 11 of the Dungeon)

   [ring of evasion]

   EV:        It affects your evasion (+4).
   Slay:      It affects your accuracy & damage with ranged weapons and melee
   (+3).
   rN:        It protects you from negative energy.
   Will:      It increases your willpower.
Wands
 g - a wand of flame (31)
 r - a wand of paralysis (8)
 z - a wand of light (2)
 G - a wand of polymorph (4)
 L - a wand of iceblast (16)
 M - a wand of digging (6)
Scrolls
 e - a scroll of amnesia
 i - 2 scrolls of fear
 m - 4 scrolls of teleportation
 x - a scroll of fog
 E - 2 scrolls of magic mapping
Potions
 d - a potion of magic
 f - a potion of ambrosia
 h - 2 potions of invisibility {unknown}
 j - 3 potions of lignification
 k - 2 potions of cancellation {unknown}
 n - 3 potions of mutation
 o - 5 potions of brilliance
 p - 3 potions of flight
 s - a potion of haste {unknown}
 u - 4 potions of might
 I - 2 potions of heal wounds {unknown}
Miscellaneous
 v - a condenser vane


   Skills:
 - Level 13.0(18.0) Fighting
 + Level 15.1(20.1) Axes
 - Level 2.0(7.0) Armour
 - Level 1.5(6.5) Dodging
 - Level 2.4(7.4) Stealth
 - Level 8.0 Spellcasting
 - Level 1.0 Conjurations
 - Level 1.0 Summonings
 - Level 1.0 Translocations
 + Level 7.0 Invocations


You had 23 spell levels left.
You knew the following spells:

 Your Spells              Type           Power      Damage    Failure   Level
a - Magic Dart            Conj           44%        1d5       10%         1
b - Call Imp              Summ           11%        N/A       14%         2
c - Blink                 Tloc           22%        N/A       14%         2

Your spell library contained the following spells:

 Spells                   Type           Power      Damage    Failure   Level
 Apportation              Tloc           22%        N/A       10%         1
 Foxfire                  Conj/Fire      36%        2x1d5     12%         1
 Necrotize                Necr           28%        1d5       14%         1
 Slow                     Hex            28%        N/A       14%         1
 Poisonous Vapours        Pois/Air       14%        N/A       22%         2
 Conjure Flame            Conj/Fire      9%         6-21      34%         3
 Mephitic Cloud           Conj/Pois/Air  8%         N/A       36%         3
 Confusing Touch          Hex            7%         N/A       41%         3
 Inner Flame              Hex/Fire       7%         N/A       41%         3
 Vampiric Draining        Necr           7%         2d6       41%         3
 Flame Wave               Conj/Fire      9%         2d5       75%         4
 Corpse Rot               Necr/Pois/Air  7%         N/A       82%         4
 Summon Small Mammal      Summ           Unusable   N/A       N/A         1

Dungeon Overview and Level Annotations

Branches:
Dungeon (12/15)            Temple (1/1) D:4             Orc (2/2) D:9
    Elf (0/3) Orc:2       Ossuary (visited)           IceCv (visited)
   Lair: D:8-11

Altars:
Elyvilon
Fedhas
Hepliaklqana
Kikubaaqudgha
Okawaru
Sif Muna
Trog
Vehumet
Zin

Shops:
D:10 =   Orc:2 ?

Annotations:
D:9 3 runed translucent doors
D:12 3 runed translucent doors, Stephen2Aus's ghost, journeyman HOMo


Innate Abilities, Weirdness & Mutations

You have razor-sharp teeth.
Your natural rate of healing is unusually fast.
When hurt, damage is shared between your health and your magic reserves.
Your bite disrupts and absorbs the magic of your enemies.
Potions cannot restore your health.


Message History

Visions of slaying the orc warrior flood into your mind.
The orc warrior barely misses you.
The orc warrior is engulfed in seething chaos.
The orc warrior closely misses you.
You barely miss the orc knight. You closely miss the orc warrior.
You slash the orc warrior!
Visions of slaying the orc knight flood into your mind.
The orc high priest no longer looks unusually strong.
The orc warrior completely misses you.
The orc warrior hits you from afar with a +0 glaive!
The orc warrior closely misses you.
An orc priest comes into view. It is wielding a +0 dagger.
The orc high priest prays to Beogh.
An orc priest comes into view. It is wielding a +0 hand axe.
The orc knight roars a battlecry!
The orc high priest goes into a battle-frenzy!
The orc warrior is engulfed in seething chaos.
The orc warrior seems to slow down.
The orc warrior hits you with a +0 battleaxe!
The orc high priest utters an invocation to Beogh.
You slice the orc knight!!
The orc knight is severely wounded.
You hit the orc warrior. You slash the orc warrior!
Visions of slaying the orc warrior flood into your mind.
You slash the orc knight!
You kill the orc knight!
Okawaru accepts your kill.
You hit the orc warrior. You slash the orc warrior!
You break out of your daze!
You kill the orc warrior!
Okawaru accepts your kill.
Visions of slaying the orc warrior flood into your mind.
The orc warrior no longer looks unusually strong.
The orc high priest calls down the wrath of Beogh upon you.
Beogh smites you!
The orc warrior hits you but does no damage.
The orc warrior hits you from afar with a +0 glaive!!!
* * * LOW HITPOINT WARNING * * *
The soul eater draws from the surrounding life force!
You die...

.....o... ..#
....#.4o# ..
#...44ooo ..#
#...#ooo# ..#
#...3oo3..#
#..#ooo#..#
#.5.o)5.#
##.#@## #3....#
###.#.### ##
##.....).## ##.
#..#...#..# #..
##.........##
#.
#...#...#...#
#.
##...........##
##
#....#...#....#
#


You could see a soul eater (summoned), 3 orc high priests, a sun demon
(summoned), an orange demon (summoned), 2 ice devils, a ynoxinul (summoned), 9
orc warriors, 2 orc priests and 2 ufetubi.

Vanquished Creatures
  A frost giant (IceCv)
  Snorg (Orc:2)
  Josephine (D:10)
  Fannar (D:11)
  2 two-headed ogres (D:11)
  5 death yaks (IceCv)
  An orc high priest (Arena)
  5 orc knights
  An ugly thing (IceCv)
  2 orc sorcerers
  A cyclops (D:12)
  Maurice (Orc:2)
  An ice statue (IceCv)
  Maggie (D:10)
  6 rime drakes (IceCv)
  A komodo dragon (D:11)
  4 polar bears (IceCv)
  5 trolls
  A hornet (D:9)
  A vampire (D:12)
  3 shadows
  8 wraiths
  28 yaks
  4 water elementals (D:11)
  Menkaure (D:6)
  A vampire mosquito (D:11)
  3 wargs
  A water moccasin (D:5)
  17 orc warriors
  An ice beast (D:7)
  5 ogres
  11 wolves (IceCv)
  3 centaurs
  A phantom (D:9)
  3 elf zombies (Ossuary)
  A kobold brigand (D:10)
  3 bullfrogs
  2 necrophages
  2 gnoll sergeants
  A scorpion (D:7)
  10 killer bees
  4 troll zombies (D:9)
  3 howler monkeys
  5 jellies
  A centaur zombie (Ossuary)
  21 orc priests
  A hound (D:6)
  2 iguanas (D:5)
  4 orc wizards
  4 ogre zombies (D:9)
  2 mummies (Ossuary)
  10 gnolls
  3 adders
  A white imp (D:5)
  A worm (D:2)
  A dart slug (D:3)
  45 orcs
  2 endoplasms
  A giant cockroach (D:1)
  7 goblins
  6 hobgoblins
  4 jackals
  3 quokkas
  4 ball pythons
  A bat (D:1)
  A frilled lizard (D:2)
  3 goblin skeletons (D:9)
  8 goblin zombies
  A hobgoblin skeleton (D:9)
  14 hobgoblin zombies
  11 kobolds
  8 kobold zombies (Ossuary)
  An orc skeleton (D:9)
  20 orc zombies
  4 rats
  3 rat zombies (Ossuary)
361 creatures vanquished.

Vanquished Creatures (collateral kills)
  Natasha (D:3)
  An adder (D:4)
  An orc (D:3)
  An endoplasm (D:2)
  A bat (D:2)
5 creatures vanquished.

Vanquished Creatures (others)
  20 fungi (D:8)
  20 plants (D:8)
40 creatures vanquished.

Grand Total: 406 creatures vanquished

Notes
Turn   | Place    | Note
-------+----------+-------------------------------------------
     0 | D:1      | PurpleRed the Vine Stalker Hedge Wizard began the quest for
                  | the Orb.
     0 | D:1      | Reached XP level 1. HP: 9/9 MP: 5/5
    90 | D:1      | Reached skill level 1 in Fighting
   111 | D:1      | Reached XP level 2. HP: 11/14 MP: 7/7
   115 | D:1      | Learned a level 2 spell: Call Imp
   169 | D:1      | Found a faded altar of an unknown god.
   215 | D:2      | Learned a level 2 spell: Blink
   319 | D:2      | Reached XP level 3. HP: 6/18 MP: 4/8
   699 | D:3      | Found a blossoming altar of Fedhas.
   699 | D:3      | Noticed Natasha
   710 | D:3      | Gained mutation: Your natural rate of healing is unusually
                  | fast. [Vine Stalker growth]
   710 | D:3      | Reached XP level 4. HP: 22/24 MP: 6/9
   717 | D:3      | Killed Natasha
   878 | D:5      | Entered Level 5 of the Dungeon
   884 | D:5      | Reached skill level 1 in Axes
   884 | D:5      | Reached XP level 5. HP: 29/29 MP: 10/10
   927 | D:5      | Noticed a water moccasin
   937 | D:5      | Killed a water moccasin
   938 | D:5      | Reached skill level 2 in Axes
   938 | D:5      | Reached XP level 6. HP: 33/33 MP: 11/11
   942 | D:5      | Reached skill level 3 in Axes
   991 | D:5      | Identified the +0 ring mail of Exclusion {Str+2 Dex+4
                  | Slay+2}
  1006 | D:5      | Identified the +4 hunting sling of Disaster {speed, Dex+4}
  1028 | D:4      | Found a staircase to the Ecumenical Temple.
  1042 | Temple   | Entered the Ecumenical Temple
  1052 | Temple   | Became a worshipper of Warmaster Okawaru
  1113 | D:5      | Noticed a water moccasin
  1113 | D:5      | Noticed a water moccasin
  1158 | D:6      | Reached skill level 4 in Axes
  1195 | D:6      | Reached XP level 7. HP: 37/37 MP: 12/12
  1209 | D:6      | Found a sand-covered staircase.
  1213 | D:6      | Noticed Menkaure
  1228 | D:6      | Killed Menkaure
  1229 | D:6      | Reached skill level 5 in Axes
  1232 | D:6      | Reached * piety under Okawaru
  1238 | Ossuary  | Entered an ossuary
  1329 | Ossuary  | Reached skill level 6 in Axes
  1400 | Ossuary  | Gained mutation: You have razor-sharp teeth. [Vine Stalker
                  | growth]
  1400 | Ossuary  | Reached XP level 8. HP: 39/42 MP: 13/13
  1487 | D:6      | Reached skill level 7 in Axes
  2072 | D:7      | Reached ** piety under Okawaru
  2073 | D:7      | Reached skill level 8 in Axes
  2122 | D:9      | Noticed a wraith
  2132 | D:9      | Killed a wraith
  2147 | D:9      | Noticed a yak
  2147 | D:9      | Noticed a yak
  2152 | D:9      | Noticed a yak
  2157 | D:9      | Reached skill level 9 in Axes
  2160 | D:9      | Killed a yak
  2161 | D:9      | Reached XP level 9. HP: 45/45 MP: 14/14
  2167 | D:9      | Reached *** piety under Okawaru
  2172 | D:9      | Reached skill level 10 in Axes
  2214 | D:9      | Found a runed translucent gate.
  2214 | D:9      | Found a runed translucent gate.
  2260 | D:9      | Reached skill level 1 in Armour
  2260 | D:9      | Reached skill level 1 in Invocations
  2401 | D:9      | Reached **** piety under Okawaru
  2402 | D:9      | Reached skill level 11 in Axes
  2402 | D:9      | Found a staircase to the Orcish Mines.
  2419 | D:9      | Reached XP level 10. HP: 15/49 MP: 10/15
  2566 | D:10     | Entered Level 10 of the Dungeon
  2763 | D:9      | Found a runed translucent gate.
  2763 | D:9      | Noticed a purple ugly thing
  2763 | D:9      | Noticed a steelbarb worm
  2763 | D:9      | Noticed a cyan ugly thing
  2764 | D:9      | Noticed a green ugly thing
  2764 | D:9      | Noticed a red ugly thing
  2765 | D:9      | Noticed a glowing orange brain
  2766 | D:9      | Noticed a white ugly thing
  2766 | D:9      | a steelbarb worm changed into a dream sheep
  2770 | D:9      | Noticed a shining eye
  2770 | D:9      | a dream sheep changed into a shining eye
  2785 | D:9      | Noticed a death drake
  2785 | D:9      | a floating eye changed into a death drake
  2791 | D:10     | Found Zauskod's Jewellery Boutique.
  2816 | D:10     | Reached skill level 5 in Fighting
  2821 | D:10     | Reached ***** piety under Okawaru
  2851 | D:10     | Identified a scroll of acquirement
  2851 | D:10     | Acquired the +14 obsidian axe {vorpal, Mesm Drain Fly SInv}
  2851 | D:10     | Found the +14 obsidian axe {vorpal, Mesm Drain Fly SInv}
  2946 | D:11     | Reached skill level 5 in Invocations
  2953 | D:11     | Reached skill level 12 in Axes
  2964 | D:11     | Identified the +2 animal skin of the Endless Lovers {*Slow
                  | rC+ Dex+5} (Okawaru gifted it to you on level 11 of the
                  | Dungeon)
  2964 | D:11     | Received a gift from Okawaru
  3034 | D:10     | Found a white marble altar of Elyvilon.
  3051 | D:10     | Noticed Maggie
  3060 | D:10     | Killed Maggie
  3172 | D:10     | Reached XP level 11. HP: 51/60 MP: 13/16
  3186 | D:10     | Noticed Josephine
  3195 | D:10     | Killed Josephine
  3370 | D:12     | Found a frozen archway.
  3449 | D:11     | Reached skill level 13 in Axes
  3464 | D:12     | Noticed a centaur warrior
  3467 | D:12     | Noticed Stephen2Aus's ghost (journeyman HOMo)
  3467 | D:12     | Noticed a minotaur
  3485 | D:12     | Found a runed translucent gate.
  3485 | D:12     | Found a runed translucent gate.
  3485 | D:12     | Found a runed translucent gate.
  3597 | D:11     | Noticed a two-headed ogre
  3605 | D:11     | Killed a two-headed ogre
  3638 | D:11     | Noticed a two-headed ogre
  3648 | D:11     | Killed a two-headed ogre
  3649 | D:11     | Reached skill level 10 in Fighting
  3852 | D:11     | Identified the ring "Rokh" {rN+ Will+ EV+4 Slay+3}
  3912 | D:11     | Noticed Fannar
  3924 | D:11     | Killed Fannar
  3925 | D:11     | Reached skill level 5 in Spellcasting
  4044 | D:12     | Noticed a cyclops
  4053 | D:12     | Killed a cyclops
  4061 | IceCv    | Entered an ice cave
  4065 | IceCv    | Reached XP level 12. HP: 64/70 MP: 16/21
  4070 | IceCv    | Identified the +1 kite shield of the Black Moon {rN+ Will+
                  | rCorr} (Okawaru gifted it to you in an ice cave)
  4070 | IceCv    | Received a gift from Okawaru
  4078 | IceCv    | Noticed a death yak
  4090 | IceCv    | Killed a death yak
  4234 | IceCv    | Reached skill level 14 in Axes
  4251 | IceCv    | Noticed a death yak
  4252 | IceCv    | Noticed a death yak
  4254 | IceCv    | Noticed a death yak
  4259 | IceCv    | Killed a death yak
  4265 | IceCv    | Killed a death yak
  4265 | IceCv    | Reached ****** piety under Okawaru
  4267 | IceCv    | Killed a death yak
  4288 | IceCv    | Noticed a frost giant
  4288 | IceCv    | Noticed a death yak
  4300 | IceCv    | Killed a death yak
  4303 | IceCv    | Killed a frost giant
  4303 | IceCv    | Received a gift from Okawaru
  4303 | IceCv    | Found the +3 hat of Pondering {ponderous, Will+ MP+10
                  | Int+5}
  4620 | Orc:1    | Entered Level 1 of the Orcish Mines
  4673 | Orc:2    | Entered Level 2 of the Orcish Mines
  4673 | Orc:2    | Found a staircase to the Elven Halls.
  4685 | Orc:1    | Reached XP level 13. HP: 60/76 MP: 18/25
  4917 | Orc:2    | Noticed Snorg
  4931 | Orc:2    | Killed Snorg
  4962 | Orc:2    | Noticed Maurice
  4979 | Orc:2    | Killed Maurice
  5044 | Arena    | Entered the Arena
  5080 | Orc:2    | Reached skill level 15 in Axes
  5083 | Orc:2    | HP: 1/77 [orc warrior/+0 glaive (10)]
  5084 | Orc:2    | Found Orchugaid's Magic Scroll Boutique.
  5112 | Orc:2    | Bought a scroll of magic mapping for 49 gold pieces
  5426 | Orc:2    | HP: 3/77 [orc warrior/+0 glaive (24)]
  5426 | Orc:2    | Killed from afar by a soul eater

Illustrated notes

Levels and vault maps discovered:
D:1:      dpeg_arrival_pits, layout_loops_cross, ebering_ecumenical_altar_rust,
          grunt_decor_junction, serial_bayou_pond_a
D:2:      layout_basic, chequers_serial_rivers_marsh, grunt_ministairs_14,
          kennysheep_cross_bottleneck, minmay_indecisive_spiral
D:3:      layout_rooms, mainiacjoe_overflow_alcove_2, grunt_ministairs_1,
          small_statue_intersection, kennysheep_path_1, minmay_misc_feat_tower,
          serial_bayou_ford_a, minmay_misc_feat_alley,
          minmay_fractal_squares_diagonal_5, uniq_sigmund, uniq_natasha
D:4:      layout_basic, makhleb_heckhound_becter, minmay_temple_entry_wispy,
          glass_columns_b
D:5:      layout_gridville
D:6:      layout_loops_ring, jmf_multi_god_temple, nicolae_ashenzari_skybound,
          nicolae_ossuary_entry_monument, uniq_menkaure
D:7:      cheibrodos_iron_armory, layout_basic
D:8:      layout_loops_cross, tso_oasis_becter,
          mainiacjoe_overflow_concentric_impassable,
          due_lair_maze_entry_diamond, uniq_erica
D:9:      layout_roguey, zombieorc2_lemuel,
          ploomutoo_gammafunk_ghost_potion_laboratory
D:10:     layout_roguey, old_standard_altar, serial_shops, shop_fountains,
          chequers_serial_rivers_large_a, uniq_josephine, uniq_maggie
D:11:     kennysheep_blocky_hall, layout_basic, nicolae_underground_beach,
          uniq_fannar
D:12:     layout_roguey, maelrawn_ghost_gauntlet_escape, serial_ice,
          serial_ice_l, serial_ice_g, serial_ice_c, serial_ice_h,
          portal_ice_cave_entry_pillars_2, hangedman_tell_no_tales
Temple:   nicolae_temple_great_sept
Orc:1:    layout_caves, ebering_ghost_rock_garden
Orc:2:    st_orc_pillars, layout_caves, serial_shops, shop, uniq_snorg,
          uniq_maurice

Skill      XL: |  1  2  3  4  5  6  7  8  9 10 11 12 13 |
---------------+----------------------------------------+-----
Fighting       | 1 2 3 4 7 11 12 13 | 13.0
Axes           | 1 2 4 6 9 11 12 13 14 15 | 15.1
Armour         | 2 |  2.0
Invocations    | 2 5 7 |  7.0
Spellcasting   | 5 7 8 |  8.0
Dodging        | |  1.5
Stealth        | |  2.4
Conjurations   | |  1.0
Summonings     | |  1.0
Translocations | |  1.0

Action                   |  1- 3 |  4- 6 |  7- 9 | 10-12 | 13-15 || total
-------------------------+-------+-------+-------+-------+-------++-------
Melee: Flail             |    61 |    18 |       |       |       ||    79
       Dagger            |     3 |       |       |       |       ||     3
       Bite              |    16 |    11 |    61 |   104 |    32 ||   224
       Punch             |     1 |     1 |     4 |     8 |     3 ||    17
       War axe           |       |    36 |   193 |    90 |       ||   319
       Broad axe         |       |       |       |   184 |   113 ||   297
 Fire: Hunting sling     |     7 |       |     2 |       |       ||     9
Throw: Dart              |       |     2 |       |       |       ||     2
       Boomerang         |       |     6 |       |       |       ||     6
 Cast: Magic Dart        |     3 |       |       |       |       ||     3
       Call Imp          |     7 |       |       |       |       ||     7
Invok: Heroism           |       |       |     2 |    10 |     5 ||    17
       Finesse           |       |       |       |       |     1 ||     1
       Duel              |       |       |       |       |     1 ||     1
Evoke: Wand              |       |     4 |       |       |       ||     4
  Use: Scroll            |       |     3 |     8 |     9 |     2 ||    22
       Potion            |       |       |       |     1 |     2 ||     3
 Stab: Sleeping          |     3 |     1 |       |       |       ||     4
       Paralysed         |       |     5 |       |       |       ||     5
Armor: Robe              |    18 |     2 |       |       |       ||    20
       Chain mail        |       |    22 |       |       |       ||    22
       Ring mail         |       |     3 |    51 |    64 |    24 ||   142
Dodge: Dodged            |    49 |    30 |    82 |   113 |    67 ||   341
Block: Other             |       |     9 |    31 |    48 |    29 ||   117
       Reflection        |       |       |     1 |     1 |     1 ||     3

Table legend: (Time is in decaauts)
 A = Elapsed time spent in this place.
 B = Non-inter-level travel time spent in this place.
 C = Inter-level travel time spent in this place.
 D = Time resting spent in this place.
 E = Time spent auto-exploring this place.
 F = Levels seen in this place.
 G = Mean time per level.
                   A        B        C        D        E       F      G
               +--------+--------+--------+--------+--------+-----+--------+
         Total |   5467 |   5337 |    130 |      0 |      0 |  18 |  303.7 |
       Dungeon |   4072 |   3952 |    120 |      0 |      0 |  12 |  339.3 |
        Temple |     20 |     20 |      0 |      0 |      0 |   1 |   20.0 |
  Orcish Mines |    783 |    773 |     10 |      0 |      0 |   2 |  391.5 |
       Ossuary |    225 |    225 |      0 |      0 |      0 |   1 |  225.0 |
      Ice Cave |    344 |    344 |      0 |      0 |      0 |   1 |  344.0 |
         Arena |     20 |     20 |      0 |      0 |      0 |   1 |   20.0 |
               +--------+--------+--------+--------+--------+-----+--------+

Top non-repeatable levels by time:
    D:11: 794 daAuts
     D:9: 694 daAuts
     D:7: 562 daAuts
    D:10: 541 daAuts
   Orc:2: 527 daAuts
     D:2: 397 daAuts
   IceCv: 344 daAuts
   Orc:1: 256 daAuts
     D:1: 248 daAuts
 Ossuary: 225 daAuts
     D:5: 212 daAuts
     D:4: 176 daAuts
     D:6: 174 daAuts
     D:3: 141 daAuts
    D:12: 98 daAuts
